AoeStats
← hadibaaayım

Arena

507694243Analyzed
1v1 RM · 12d ago on Sep 19, 2026· 66m 12s· 2 players
Game mode
Random Map
Map size
Tiny (2 player)
Population
200
Speed
Normal
Resources
Standard
Victory
Conquest
Starting age
Dark Age
Ending age
Imperial Age
RankedLock teamsTeams togetherTeam positionsShared explorationLock speedFull tech treeHidden civsTurbo modeCheats
Victory
Defeat
🇹🇷 Franks · Türkiye
953
+16
🇦🇺 Persians · Australia
946
-46
Diewenigkartoffel
9:31 Loom
11:53 Feudal Age
13:33 Double-Bit Axe
13:33 Horse Collar
16:29 Castle Age
15:40 Scale Mail Armor
16:24 Forging
17:45 Bow Saw
19:54 Wheelbarrow
21:53 Gold Mining
24:15 Hand Cart
23:52 Pikeman
27:12 Town Watch
30:19 Imperial Age
29:01 Iron Casting
28:29 Heavy Plow
29:49 Ballistics
29:41 Masonry
29:55 Chain Mail Armor
29:32 Fletching
29:50 Squires
29:46 Stone Mining
30:32 Gold Shaft Mining
30:54 Town Patrol
31:55 Two-Man Saw
32:22 Plate Mail Armor
32:34 Bodkin Arrow
33:54 Blast Furnace
34:08 Crop Rotation
33:53 Careening
34:16 Architecture
35:50 Chemistry
34:16 Halberdier
36:01 Stone Shaft Mining
36:15 Scale Barding Armor
36:11 Padded Archer Armor
38:05 Leather Archer Armor
37:59 Murder Holes
38:57 Conscription
38:52 Citadels
40:34 Ring Archer Armor
42:54 Hoardings
42:12 Elite Skirmisher
44:35 Guilds
44:54 Chain Barding Armor
49:40 Citadels
51:31 Plate Barding Armor
51:29 Kamandaran
50:50 Crossbowman
51:42 Thumb Ring
55:27 Bloodlines
55:17 Husbandry
54:38 Cavalier
57:14 Arson
56:56 Savar
62:33 Light Cavalry
hadibaaayım
1:33 Loom
10:55 Feudal Age
11:50 Double-Bit Axe
17:16 Castle Age
19:14 Bow Saw
25:21 Gold Mining
27:04 Gold Shaft Mining
26:19 Stone Mining
27:22 Forging
27:17 Scale Barding Armor
29:49 Chain Barding Armor
32:34 Imperial Age
31:25 Iron Casting
31:58 Wheelbarrow
31:08 Town Watch
32:01 #83
33:08 Husbandry
34:02 Conscription
33:43 Chivalry
34:34 Hoardings
33:39 Cavalier
33:39 Light Cavalry
35:53 Blast Furnace
35:13 Hand Cart
36:57 Elite Throwing Axeman
39:18 Murder Holes
39:44 Ballistics
39:35 Fortified Wall
39:36 Masonry
41:03 Chemistry
39:48 Arrowslits
39:54 Guard Tower
42:02 Siege Engineers
44:22 Architecture
45:00 Caravan
45:31 Coinage
48:04 Plate Barding Armor
47:29 Padded Archer Armor
47:20 Fletching
47:50 Town Patrol
50:09 Banking
49:18 Paladin
49:34 Elite Skirmisher
51:10 Leather Archer Armor
50:51 Bodkin Arrow
55:50 Pikeman
56:30 Squires
Connection lost

Rejoining the realm…

Still unreachable

The connection could not be restored.

Session expired

The server has moved on; the page needs a fresh start.